 Dungeon Crawl Stone Soup version 0.27-a0-1557-g57f10a385c (webtiles) character file.

Game seed: 15621535284015893779

513470 freelancePsychic the Devastator (level 26, -10/202 HPs)
             Began as a Human Wanderer on July 15, 2021.
             Was the Champion of Cheibriados.
             Killed from afar by a frost giant (38 damage)
             ... with a bolt of cold
             ... on level 3 of the Depths on July 16, 2021.
             The game lasted 02:48:07 (55303 turns).

freelancePsychic the Devastator (Human Wanderer)   Turns: 55303, Time: 02:48:08

Health: -10/202    AC: 29    Str: 32    XL:     26   Next: 94%
Magic:  13/39      EV: 23    Int: 51    God:    Cheibriados [******]
Gold:   261        SH:  0    Dex: 32    Spells: 16/50 levels left

rFire    + + +     SeeInvis .   b - +9 lajatang of Qoysk {vorpal, rF+}
rCold    . . .     Faith    .   (shield currently unavailable)
rNeg     . . .     Spirit   .   W - +4 storm dragon scales
rPois    +         Reflect  .   l - +0 hat {Int+3}
rElec    +         Harm     .   J - +0 cloak
rCorr    .         Rampage  .   C - +0 pair of gloves "Yboim" {*Slow Str+7 Int+4}
Will     +....                  t - -2 pair of boots "Giuno" {rF++ Regen+ Str-4 Dex+4}
Stlth    ..........             s - amulet of magic regeneration
HPRegen  1.43/turn              e - ring of the Real Monster {rPois Int+6}
MPRegen  0.51/turn              Z - ring of the Tortoise {AC+8}

@: slowed, very slow
A: claws 1, deterioration 1, screaming 1
}: 2/15 runes: decaying, serpentine
a: Renounce Religion, Bend Time, Temporal Distortion, Slouch, Step From Time


You were on level 3 of the Depths.
You worshipped Cheibriados.
Cheibriados was exalted by your worship.
You visited 9 branches of the dungeon, and saw 42 of its levels.
You visited the Abyss 4 times.
You visited 2 bazaars.
You also visited: Sewer, Ossuary, Gauntlet and Volcano.

You collected 5697 gold pieces.
You spent 5436 gold pieces at shops.

Inventory:

Hand Weapons
 a - a +8 lajatang of holy wrath
 b - the +9 lajatang of Qoysk (weapon) {vorpal, rF+}
   (You acquired it on level 2 of the Elven Halls)

   It inflicts extra damage upon your enemies.
   rF:        It protects you from fire.
Armour
 l - a +0 hat of intelligence (worn)
 t - the -2 pair of boots "Giuno" (worn) {rF++ Regen+ Str-4 Dex+4}
   (You found it on level 6 of the Dungeon)

   Str:       It affects your strength (-4).
   Dex:       It affects your dexterity (+4).
   rF:        It greatly protects you from fire.
   Regen:     It increases your rate of health regeneration.
 C - the +0 pair of gloves "Yboim" (worn) {*Slow Str+7 Int+4}
   (You found it on level 1 of the Elven Halls)

   Str:       It affects your strength (+7).
   Int:       It affects your intelligence (+4).
   *Slow:     It may slow you when you take damage.
 J - a +0 cloak (worn)
 W - +4 storm dragon scales (worn)
 X - +0 fire dragon scales
Jewellery
 e - the ring of the Real Monster (left hand) {rPois Int+6}
   (You bought it in a shop on level 2 of the Orcish Mines)

   [ring of intelligence]

   Int:       It affects your intelligence (+6).
   rPois:     It protects you from poison.
 g - a ring of protection from cold
 n - a ring of wizardry
 s - an amulet of magic regeneration (around neck)
 L - a ring of willpower
 R - the ring "Zingoj" {Drain +Blink rN+ Str+4 Dex+4}
   (You took it off a deep elf annihilator on level 3 of the Elven Halls)

   [ring of positive energy]

   Str:       It affects your strength (+4).
   Dex:       It affects your dexterity (+4).
   rN:        It protects you from negative energy.
   +Blink:    It lets you blink.
   Drain:     It drains your maximum health when unequipped.
 S - the ring of Anaxom Basol {rF+++ rC+ Str+4 Dex-2 Stlth-}
   (You took it off a deep elf demonologist on level 3 of the Elven Halls)

   [ring of protection from cold]

   Str:       It affects your strength (+4).
   Dex:       It affects your dexterity (-2).
   rF:        It renders you almost immune to fire.
   rC:        It protects you from cold.
   Stlth:     It makes you less stealthy.
 U - the ring of the Solstice {rElec rPois rN++ Str+6 Int-3}
   (You took it off a deep elf zephyrmancer on level 3 of the Elven Halls)

   [ring of strength]

   Str:       It affects your strength (+6).
   Int:       It affects your intelligence (-3).
   rElec:     It insulates you from electricity.
   rPois:     It protects you from poison.
   rN:        It greatly protects you from negative energy.
 Y - the ring of the Hare {EV+8}
   (You acquired it on level 12 of the Dungeon)

   [ring of evasion]

   EV:        It affects your evasion (+8).
 Z - the ring of the Tortoise (right hand) {AC+8}
   (You found it on level 6 of the Lair of Beasts)

   [ring of protection]

   AC:        It affects your AC (+8).
Wands
 d - a wand of paralysis (53)
 A - a wand of digging (1)
 H - a wand of flame (97)
 I - a wand of acid (57)
 M - a wand of iceblast (37)
 T - a wand of polymorph (22)
Scrolls
 f - 4 scrolls of torment
 h - 2 scrolls of fog
 j - 7 scrolls of blinking
 p - 8 scrolls of fear
 v - 17 scrolls of identify {@r1}
 w - 4 scrolls of magic mapping
 y - 9 scrolls of teleportation {@r4}
 B - 11 scrolls of immolation
 D - 3 scrolls of summoning
 E - 3 scrolls of amnesia
 G - 2 scrolls of holy word
 N - 3 scrolls of brand weapon
Potions
 i - 7 potions of attraction
 k - 10 potions of might
 m - 6 potions of berserk rage
 o - 12 potions of lignification
 q - 2 potions of heal wounds {@q2}
 u - 5 potions of mutation
 x - 7 potions of cancellation
 z - 9 potions of resistance
 F - 3 potions of magic
 K - 4 potions of flight
 O - 6 potions of brilliance
 P - 3 potions of ambrosia
 Q - 12 potions of curing {@q1}
 V - 4 potions of invisibility
Miscellaneous
 c - a phantom mirror


   Skills:
 - Level 15.3 Fighting
 - Level 14.0 Staves
 - Level 11.2 Armour
 - Level 14.0 Dodging
 - Level 2.0 Stealth
 - Level 1.0 Unarmed Combat
 + Level 12.6 Spellcasting
 - Level 19.1 Conjurations
 - Level 1.9 Transmutations
 - Level 5.3 Fire Magic
 - Level 17.1 Air Magic
 - Level 15.4 Earth Magic
 - Level 6.3 Poison Magic
 - Level 7.8 Invocations
 - Level 1.0 Evocations


You had 16 spell levels left.
You knew the following spells:

 Your Spells              Type           Power      Damage    Failure   Level
a - Iron Shot             Conj/Erth      59%        9d11      1%          6
b - Orb of Destruction    Conj           61%        9d17      1%          7
c - Ignite Poison         Fire/Tmut/Pois 68%        N/A       1%          3
d - Olgreb's Toxic Radia  Pois           77%        N/A       1%          4
e - Mephitic Cloud        Conj/Pois/Air  100%       N/A       1%          3
f - Sting                 Tmut/Pois      100%       1d8       1%          1
g - Animate Armour        Summ/Erth      100%       N/A       1%          4
h - Conjure Ball Lightni  Conj/Air       60%        3x3d22    1%          6

Your spell library contained the following spells:

 Spells                   Type           Power      Damage    Failure   Level
 Magic Dart               Conj           100%       1d8       0%          1
 Sandblast                Erth           100%       2d20      0%          1
 Stone Arrow              Conj/Erth      100%       3d13      0%          3
 Beastly Appendage        Tmut           100%       N/A       1%          1
 Corpse Rot               Necr/Air       N/A        N/A       1%          2
 Passwall                 Tmut/Erth      73%        N/A       1%          2
 Poisonous Vapours        Pois/Air       100%       N/A       1%          2
 Wereblood                Tmut           51%        N/A       1%          2
 Conjure Flame            Conj/Fire      100%       6-21      1%          3
 Spider Form              Tmut/Pois      32%        N/A       1%          3
 Hailstorm                Conj/Ice       92%        3d18      1%          4
 Iskenderun's Mystic Bla  Conj/Tloc      92%        2d18      1%          4
 Leda's Liquefaction      Hex/Erth       42%        N/A       1%          4
 Sticky Flame             Conj/Fire      100%       2d11      1%          4
 Bolt of Magma            Conj/Fire/Erth 53%        4d21      1%          5
 Fireball                 Conj/Fire      51%        3d20      1%          5
 Iskenderun's Battlesphe  Conj           100%       2d15      1%          5
 Lee's Rapid Deconstruct  Erth           56%        3d27*     1%          5
 Silence                  Hex/Air        44%        N/A       1%          5
 Animate Skeleton         Necr           64%        N/A       2%          1
 Apportation              Tloc           64%        N/A       2%          1
 Corona                   Hex            35%        N/A       2%          1
 Freeze                   Ice            100%       1d11      2%          1
 Pain                     Necr           100%       1d9       2%          1
 Summon Small Mammal      Summ           100%       N/A       2%          1
 Inner Flame              Hex/Fire       56%        N/A       2%          3
 Borgnjor's Vile Clutch   Necr/Erth      42%        N/A       2%          5
 Blink                    Tloc           N/A        N/A       3%          2
 Call Imp                 Summ           32%        N/A       3%          2
 Slow                     Hex            32%        N/A       3%          2
 Call Canine Familiar     Summ           32%        N/A       7%          3
 Confusing Touch          Hex            32%        N/A       7%          3
 Frozen Ramparts          Ice            64%        1d8       7%          3
 Gell's Gravitas          Tloc           16%        N/A       7%          3
 Lesser Beckoning         Tloc           16%        N/A       7%          3
 Ozocubu's Armour         Ice            32%        N/A       7%          3
 Portal Projectile        Hex/Tloc       64%        N/A       7%          3
 Summon Guardian Golem    Hex/Summ       32%        N/A       7%          3
 Tukima's Dance           Hex            32%        N/A       7%          3
 Vampiric Draining        Necr           16%        2d8       7%          3
 Alistair's Intoxication  Tmut/Pois      43%        N/A       11%         5
 Lehudib's Crystal Spear  Conj/Erth      59%        10d14     12%         8
 Cause Fear               Hex            16%        N/A       22%         4
 Dispel Undead            Necr           32%        3d14      22%         4
 Passage of Golubria      Tloc           N/A        N/A       22%         4
 Blade Hands              Tmut           25%        N/A       26%         5
 Spellforged Servitor     Conj/Summ      46%        N/A       36%         7
 Yara's Violent Unravell  Hex/Tmut       21%        3d10      38%         5
 Manifold Assault         Tloc           32%        N/A       52%         5
 Summon Forest            Summ/Tloc      16%        N/A       52%         5
 Eringya's Noxious Bog    Tmut/Pois      32%        N/A       52%         6
 Chain Lightning          Conj/Air       60%        3d80      78%         9
 Death Channel            Necr           16%        N/A       98%         6
 Shatter                  Erth           56%        3d42*     99%         9
 Dragon Form              Tmut           25%        N/A       100%        7
 Ozocubu's Refrigeration  Ice            16%        4d8       100%        7
 Summon Hydra             Summ           16%        N/A       100%        7
 Discord                  Hex            16%        N/A       100%        8
 Dragon's Call            Summ           16%        N/A       100%        9
 Fire Storm               Conj/Fire      51%        8d13      100%        9


Dungeon Overview and Level Annotations

Branches:
Dungeon (15/15)            Temple (1/1) D:6            Lair (6/6) D:8
  Swamp (4/4) Lair:3        Snake (4/4) Lair:4          Orc (2/2) D:12
    Elf (3/3) Orc:2        Vaults (4/5) D:13          Crypt (0/3) Vaults:2
 Depths (3/5) D:15          Sewer (visited)         Ossuary (visited)
Volcano (visited)         Gauntlet (visited)
  Slime: Lair:5-6

Altars:
Ashenzari
Cheibriados
Dithmenos
Elyvilon
Fedhas
Gozag
Hepliaklqana
Kikubaaqudgha
Makhleb
Nemelex Xobeh
Okawaru
Qazlal
Ru
Sif Muna
Trog
Uskayaw
Vehumet
Wu Jian
Xom
Yredelemnul
Zin
The Shining One
Beogh

Shops:
D:12 ?   Orc:2 (*=?   Elf:1 :=:   Snake:4 *[(:   Vaults:1 [   Vaults:2 *
Vaults:3 [   Depths:1 *

Portals:
Hell: Depths:1 Depths:2
Pandemonium: Orc:2
Trove: Depths:1 (give 16 potions of curing)

Annotations:
D:12 3 runed translucent doors, Owiud's ghost, journeyman HuFi
Lair:1 3 runed translucent doors, exclusion: oklob plant, Riurgh's ghost, journeyman OpBr
Lair:2 3 runed translucent doors, exclusion: hydra, Anuemis's ghost, journeyman GrGl; Zapai's ghost, journeyman DgAr
Lair:5 exclusion: oklob plant
Snake:3 3 runed translucent doors, 12572944's ghost, adept MiFi


Innate Abilities, Weirdness & Mutations

You have sharp fingernails.
Your body sometimes deteriorates upon taking damage.
You occasionally shout uncontrollably at your foes.


Message History

Space bends around you.
* * * LOW HITPOINT WARNING * * *
You feel yourself slow down. Something completely misses you.
The fire giant hits you with a +0 great sword of flaming.
* * * LOW HITPOINT WARNING * * *
Something hits you!
* * * LOW HITPOINT WARNING * * *
Space bends around you.
* * * LOW HITPOINT WARNING * * *
Something bites you but does no damage.
The deep troll shaman completely misses you. x2
The deep troll shaman misses you.
Blink to where?
Press: ? - help, Dir - move target
As you read the scroll of blinking, it crumbles to dust.
The frost giant casts a spell at you.
The bolt of cold hits something!
Reactivating autopickup.
You feel a bit more experienced. The bolt of cold misses you.
The fire giant gestures at you while chanting.
The fireball explodes!
The fireball engulfs you! You resist.
* * * LOW HITPOINT WARNING * * *
You feel much better. The fire giant barely misses you.
The fire giant closely misses you. The frost giant barely misses you.
The fire giant misses you.
The frost giant hits you with a +3 battleaxe of freezing.
* * * LOW HITPOINT WARNING * * *
The frost giant freezes you.
* * * LOW HITPOINT WARNING * * *
The fire giant casts a spell at you.
The fireball explodes!
The fireball engulfs you. You resist.
* * * LOW HITPOINT WARNING * * *
The frost giant casts a spell at you. The bolt of cold hits you!!
* * * LOW HITPOINT WARNING * * *
The frost giant gestures at you while chanting.
The bolt of cold hits the frost giant.
The frost giant resists.
The bolt of cold hits you!!!
You die...

.# ##...## ..#
##.## #.# #C#
#.# #.# #.###C#
.####.#..#######
........CT.....#
.######.######.#
+@C.C)...#
#.CC.....#
####.###.# ###
.# .# #


You could see a titan, 2 frost giants and a fire giant.

Vanquished Creatures
  Vashnia (Snake:4)
  A profane servitor (Abyss:2)
  2 bone dragons (Abyss:2)
  2 liches
  A Hell Sentinel (Abyss:2)
  Rupert (D:15)
  2 deep elf blademasters (Elf:3)
  2 deep elf master archers (Elf:3)
  An Executioner (Abyss:2)
  3 sphinxes
  A tengu reaver (Vaults:4)
  3 thorn hunters (Swamp:4)
  Agnes (D:14)
  8 tentacled starspawn (Abyss:2)
  A shadow dragon (Vaults:3)
  Roxanne (Swamp:3)
  A daeva (Abyss:2)
  A fenstrider witch (Swamp:2)
  4 nagarajas (Snake:4)
  2 deep elf sorcerers
  3 frost giants
  2 fire giants
  Louise (D:15)
  2 orc warlords
  8 vault wardens
  Aizul (Snake:3)
  3 deep elf elementalists
  15 ironbound preservers
  The ghost of Vel Kiut the Devastator, a journeyman TeFE of Vehumet (Elf:1)
  A juggernaut skeleton (D:14)
  The ghost of Kuris the Covert, a journeyman DsCK of Xom (Lair:5)
  8 stone giants
  21 very ugly things
  A war gargoyle (Vaults:4)
  A hydra skeleton (Swamp:4)
  4 deep elf demonologists
  3 vampire knights
  Azrael (D:13)
  3 dire elephants
  7 deep elf annihilators
  2 bunyips
  A minotaur (Gauntlet)
  A merfolk impaler (Depths:1)
  9 deep elf death magi
  2 deep elf high priests (Elf:3)
  5 eleionomae
  2 crystal guardians
  7 ettins
  2 shambling mangroves (Swamp:4)
  7 rakshasas
  Josephine (Orc:2)
  5 boulder beetles
  6 great orbs of eyes
  3 fire dragons
  An ice dragon (shapeshifter) (D:15)
  9 yaktaur captains
  4 ice dragons
  6 ironbound thunderhulks
  A hell beast (Depths:2)
  7 vault guards
  18 anacondas
  19 hydras
  An ogre mage (D:13)
  5 salamander tyrants
  4 ghost crabs
  2 peacekeepers
  13 naga warriors
  6 ironbound frosthearts
  A spriggan air mage (Depths:2)
  10 two-headed ogres
  13 centaur warriors
  27 dancing weapons
  16 alligators
  4 ironbound beastmasters
  3 tengu warriors
  5 deep troll shamans
  10 naga sharpshooters
  9 death yaks
  5 orc high priests (Orc:2)
  A spriggan berserker (Depths:2)
  A vampire mage (Depths:1)
  4 deep troll earth magi
  2 hell hogs
  6 shock serpents
  4 thrashing horrors (Abyss:2)
  Urug (D:10)
  4 soul eaters
  A sun demon (Depths:2)
  6 hell knights (Abyss:2)
  6 salamander mystics
  5 skeletal warriors
  5 spriggans
  17 deep elf knights
  2 goliath frogs
  2 sixfirhies
  A golden dragon zombie (D:14)
  2 fire crabs (Lair:5)
  5 wretched stars (Abyss:2)
  2 glowing orange brains
  A glowing orange brain (shapeshifter) (Abyss:2)
  A flayed ghost (Swamp:4)
  A spatial maelstrom (Abyss:2)
  2 infernal demonspawn (Orc:2)
  A shadow demon (Abyss:2)
  A torturous demonspawn (Orc:2)
  6 spriggan druids
  A death drake (Gauntlet)
  4 swamp dragons (Swamp:4)
  12 wizards
  48 deep trolls
  14 naga ritualists
  3 bog bodies
  7 deep elf archers
  3 spectral hydras (Swamp:4)
  18 mana vipers
  3 phantasmal warriors
  5 lindwurms
  22 ironbound convokers
  35 deep elf pyromancers
  4 harpies (Vaults:2)
  3 oklob plants (Swamp:4)
  A wolf spider zombie (Gauntlet)
  9 orc knights
  2 wolf spiders
  A shadow dragon skeleton (Abyss:2)
  28 deep elf zephyrmancers
  2 frost giant zombies (D:14)
  34 ugly things
  A tengu skeleton (D:14)
  25 salamanders
  7 cyclopes
  A sphinx zombie (D:14)
  9 orc sorcerers
  An iron dragon skeleton (Abyss:2)
  3 worldbinders (Abyss:2)
  44 elephants
  2 manticores
  A moth of wrath (shapeshifter) (Elf:1)
  4 will-o-the-wisps
  10 guardian serpents
  A spectral centaur (Gauntlet)
  4 centaur zombies
  41 black mambas
  15 naga magi
  2 torpor snails (Lair:5)
  2 fire giant skeletons (Abyss:2)
  Joseph (D:9)
  6 smoke demons
  2 molten gargoyles (Lair:6)
  25 vault sentinels
  Maurice (Orc:2)
  An apocalypse crab (Abyss:2)
  8 cane toads
  2 gargoyles
  A spriggan zombie (D:14)
  2 orange demons
  2 rime drakes
  3 unseen horrors
  23 yaktaurs
  16 komodo dragons
  An ice devil (Abyss:2)
  4 efreet
  2 freezing wraiths
  A tengu conjurer (Depths:3)
  A hellwing (Abyss:2)
  An ancient zyme (Abyss:2)
  3 demonic crawlers
  9 trolls
  7 hornets
  2 hydra zombies (Swamp:4)
  3 death drake zombies (Swamp:4)
  A polar bear (Lair:5)
  13 tyrant leeches
  36 slime creatures
  A death drake skeleton (Swamp:4)
  A wolf spider simulacrum (D:14)
  8 raiju (Abyss:2)
  A dream sheep (Lair:5)
  21 blink frogs
  A fire dragon zombie (Abyss:2)
  A blink frog (shapeshifter) (D:15)
  5 flying skulls (Abyss:2)
  2 air elementals (Elf:2)
  A centaur simulacrum (D:14)
  2 vampires
  8 wraiths
  5 ynoxinuls (Abyss:2)
  A deep troll skeleton (D:14)
  An ettin skeleton (D:14)
  6 wyverns
  A spriggan skeleton (D:14)
  24 yaks
  12 water elementals
  10 fire elementals
  16 humans (D:13)
  3 shadows
  4 golden eyes (Abyss:2)
  7 neqoxecs
  10 basilisks
  28 vampire mosquitoes
  2 chaos spawn (Abyss:2)
  4 steam dragons
  Menkaure (D:4)
  11 small abominations (Abyss:2)
  6 swamp worms
  2 wargs (Orc:1)
  41 nagas
  3 acid dragons
  14 hell hounds
  16 large abominations (Abyss:2)
  3 hydra simulacra (Swamp:4)
  19 water moccasins
  4 swamp drakes
  6 black bears
  A hornet zombie (Gauntlet)
  38 orc warriors
  A sky beast (D:8)
  2 swamp dragon zombies (Swamp:4)
  An ice beast (D:8)
  8 ogres
  13 wolves
  3 swamp dragon skeletons (Swamp:4)
  5 centaurs
  2 kobold brigands
  2 scorpions (D:5)
  8 bullfrogs
  3 elf zombies (Ossuary)
  3 earth elementals
  A wyvern skeleton (D:6)
  5 killer bees (D:8)
  10 wights
  3 howler monkeys
  4 lava snakes (Lair:6)
  A bullfrog zombie (D:6)
  2 jellies
  23 starcursed masses (Abyss:2)
  A human zombie (Ossuary)
  5 quasits (Abyss:2)
  2 gnoll shamans (D:4)
  A bullfrog skeleton (D:6)
  7 hounds
  An iron imp (Abyss:2)
  27 orc priests
  3 iguanas
  A centaur skeleton (D:6)
  17 orc wizards
  10 hell rats (Lair:5)
  4 mummies (Ossuary)
  4 howler monkey zombies
  12 gnolls
  A howler monkey skeleton (D:7)
  9 adders
  2 white imps (Abyss:2)
  7 ufetubi (Abyss:2)
  An adder zombie (Ossuary)
  An adder skeleton (D:4)
  5 dart slugs
  84 orcs
  8 ball pythons
  7 endoplasms
  8 giant cockroaches
  2 gnoll zombies (Ossuary)
  3 goblins
  8 hobgoblins
  8 jackals
  A quokka (D:1)
  7 bats
  6 frilled lizards
  A jackal zombie (Ossuary)
  29 kobolds
  An orc zombie (Ossuary)
  10 rats
  3 rat zombies (Ossuary)
  8 starspawn tentacles (Abyss:2)
1843 creatures vanquished.

Vanquished Creatures (collateral kills)
  A draconian monk (Abyss:2)
  A nagaraja (Snake:4)
  A deep elf elementalist (Elf:3)
  An angel (Abyss:2)
  2 deep elf annihilators (Elf:3)
  2 naga warriors (Snake:4)
  A hydra (Lair:3)
  An anaconda (Snake:4)
  A salamander mystic (Snake:4)
  2 wretched stars (Abyss:2)
  A naga ritualist (Snake:4)
  2 salamanders
  2 black mambas
  A naga (Snake:4)
  A large abomination (Abyss:2)
  4 ball lightnings
24 creatures vanquished.

Vanquished Creatures (others)
  A vampire knight (Depths:3)
  A deep elf knight (Elf:3)
  A glowing orange brain (Depths:1)
  A deep elf archer (Elf:3)
  A deep elf zephyrmancer (Elf:1)
  A hell hound (Lair:6)
  A centaur (D:12)
  175 ball lightnings
  16 foxfires
  56 fungi
  A lurking horror (Abyss:2)
  109 plants
  25 starspawn tentacles (Abyss:2)
  6 withered plants (Lair:2)
395 creatures vanquished.

Grand Total: 2262 creatures vanquished

Notes
Turn   | Place    | Note
-------+----------+-------------------------------------------
     0 | D:1      | freelancePsychic the Human Wanderer began the quest for the
                  | Orb.
     0 | D:1      | freelancePsychic set off with the following items: a +0
                  | club, a +0 robe, a phantom mirror, a +0 dagger; and the
                  | following spell memorised: Sting; and the following spells
                  | available to memorise: Mephitic Cloud
     0 | D:1      | Reached XP level 1. HP: 18/18 MP: 1/1
   353 | D:1      | Reached XP level 2. HP: 17/24 MP: 0/2
   363 | D:1      | Reached skill level 1 in Poison Magic
   629 | D:1      | Reached skill level 1 in Spellcasting
   776 | D:1      | Reached XP level 3. HP: 28/29 MP: 4/4
   967 | D:1      | Found a faded altar of an unknown god.
  1860 | D:2      | Reached XP level 4. HP: 35/35 MP: 4/6
  2053 | D:2      | Reached skill level 1 in Transmutations
  2878 | D:3      | Reached XP level 5. HP: 26/41 MP: 4/8
  3671 | D:4      | Reached XP level 6. HP: 42/47 MP: 4/9
  3675 | D:4      | Learned a level 3 spell: Ignite Poison
  3711 | D:4      | Noticed Menkaure
  3887 | D:4      | Reached skill level 1 in Fire Magic
  3913 | D:4      | Learned a level 3 spell: Mephitic Cloud
  4351 | D:4      | Noticed a water moccasin
  4487 | D:5      | Entered Level 5 of the Dungeon
  4490 | D:5      | Noticed a black bear
  4502 | D:5      | Killed a black bear
  4503 | D:5      | Reached skill level 1 in Air Magic
  4506 | D:5      | Reached XP level 7. HP: 31/52 MP: 5/11
  4665 | D:5      | Found a white marble altar of Elyvilon.
  5435 | D:5      | Reached XP level 8. HP: 57/58 MP: 6/14
  5979 | D:5      | Reached skill level 1 in Conjurations
  6229 | D:6      | Noticed a two-headed ogre
  6243 | D:6      | Killed a two-headed ogre
  6244 | D:6      | Reached skill level 5 in Spellcasting
  6244 | D:6      | Reached skill level 3 in Conjurations
  6244 | D:6      | Reached skill level 5 in Poison Magic
  6244 | D:6      | Reached XP level 9. HP: 63/63 MP: 1/17
  6256 | D:6      | Identified the -2 pair of boots "Giuno" {rF++ Regen+ Str-4
                  | Dex+4}
  6347 | D:6      | Found a staircase to the Ecumenical Temple.
  6399 | D:6      | Found a glowing drain.
  6409 | Sewer    | Entered a sewer
  6720 | D:6      | Reached skill level 4 in Conjurations
  6730 | D:6      | Found a sand-covered staircase.
  6735 | Ossuary  | Entered an ossuary
  6968 | D:6      | Reached skill level 1 in Staves
  7441 | Temple   | Entered the Ecumenical Temple
  7688 | Temple   | Became a worshipper of Cheibriados the Contemplative
  8344 | D:6      | Learned a level 4 spell: Sticky Flame
  8675 | D:4      | Killed Menkaure
  9059 | D:7      | Found a basalt altar of Yredelemnul.
  9186 | D:7      | Reached XP level 10. HP: 68/73 MP: 15/19
  9284 | D:7      | Reached * piety under Cheibriados
  9404 | D:7      | Reached skill level 1 in Armour
  9439 | D:7      | Found a bloodstained altar of Trog.
  9439 | D:7      | Found a sacrificial altar of Ru.
  9487 | D:7      | Reached skill level 5 in Fighting
 10267 | D:8      | Reached skill level 5 in Conjurations
 10272 | D:8      | Reached ** piety under Cheibriados
 10364 | D:8      | Found an ancient bone altar of Kikubaaqudgha.
 10373 | D:8      | Reached skill level 5 in Fire Magic
 10667 | D:8      | Found a staircase to the Lair.
 10913 | Lair:1   | Entered Level 1 of the Lair of Beasts
 11105 | Lair:1   | Noticed a komodo dragon
 11112 | Lair:1   | Killed a komodo dragon
 11113 | Lair:1   | Reached skill level 5 in Dodging
 11133 | Lair:1   | Noticed a cane toad
 11136 | Lair:1   | Found a runed translucent gate.
 11136 | Lair:1   | Found a runed translucent gate.
 11136 | Lair:1   | Found a runed translucent gate.
 11143 | Lair:1   | Noticed a komodo dragon
 11180 | Lair:1   | Noticed an oklob plant
 11186 | Lair:1   | Reached *** piety under Cheibriados
 11354 | Lair:1   | Reached XP level 11. HP: 81/81 MP: 8/20
 11546 | Lair:1   | Noticed Riurgh's ghost (journeyman OpBr)
 12179 | Lair:2   | HP: 4/86 [cane toad (20)]
 12275 | Lair:2   | Found a runed translucent gate.
 12276 | Lair:2   | Found a runed translucent gate.
 12335 | Lair:2   | Noticed an eight-headed hydra
 12442 | Lair:2   | Reached **** piety under Cheibriados
 12746 | Lair:2   | Found a runed translucent gate.
 12746 | Lair:2   | Noticed Anuemis's ghost (journeyman GrGl)
 12746 | Lair:2   | Noticed Zapai's ghost (journeyman DgAr)
 12817 | Lair:2   | Killed an eight-headed hydra
 13092 | D:9      | Found a shadowy altar of Dithmenos.
 13104 | D:9      | Noticed a two-headed ogre
 13117 | D:9      | Killed a two-headed ogre
 13197 | D:9      | Found a radiant altar of Vehumet.
 13266 | D:9      | Reached XP level 12. HP: 90/94 MP: 15/21
 13288 | D:9      | Found a stormy altar of Qazlal.
 13309 | D:9      | Noticed Joseph
 13312 | D:9      | Killed Joseph
 13322 | D:9      | Reached ***** piety under Cheibriados
 13561 | D:10     | Entered Level 10 of the Dungeon
 13572 | D:10     | Noticed a two-headed ogre
 13583 | D:10     | Killed a two-headed ogre
 13651 | D:10     | Reached skill level 5 in Staves
 14142 | D:10     | Reached skill level 10 in Dodging
 14176 | D:10     | Noticed Urug
 14183 | D:10     | Killed Urug
 15182 | D:12     | Noticed a boulder beetle
 15217 | D:12     | Killed a boulder beetle
 15318 | D:12     | Noticed a skeletal warrior
 15330 | D:12     | Reached XP level 13. HP: 64/99 MP: 17/22
 16158 | Lair:3   | Found a staircase to the Swamp.
 16771 | Lair:3   | Noticed an eight-headed hydra
 16773 | Lair:3   | Killed an eight-headed hydra
 17110 | Lair:4   | Reached skill level 10 in Fighting
 17135 | Lair:4   | Reached ****** piety under Cheibriados
 17376 | Lair:4   | Reached skill level 5 in Armour
 17424 | Lair:4   | Found a staircase to the Snake Pit.
 17442 | Lair:4   | Noticed a five-headed hydra
 17452 | Lair:4   | Killed a five-headed hydra
 17777 | Lair:4   | Reached XP level 14. HP: 73/111 MP: 11/24
 17807 | Lair:4   | Noticed Sonja
 17809 | Lair:4   | Noticed Sonja
 17809 | Lair:4   | Sonja changed into Sonja the salamander
 17842 | Lair:4   | Killed Sonja the salamander
 18260 | Lair:4   | Learned a level 4 spell: Olgreb's Toxic Radiance
 18474 | D:12     | Found a runed translucent gate.
 18475 | D:12     | Found a runed translucent gate.
 18476 | D:12     | Found a runed translucent gate.
 18477 | D:12     | Noticed Owiud's ghost (journeyman HuFi)
 18481 | D:12     | Noticed a frost giant
 18538 | D:12     | Found a staircase to the Orcish Mines.
 18544 | Orc:1    | Entered Level 1 of the Orcish Mines
 18630 | Orc:1    | Found a dark tunnel.
 18638 | Volcano  | Entered a volcano
 19166 | Orc:1    | You fall into a shaft and drop 1 floor!
 19166 | Orc:2    | Entered Level 2 of the Orcish Mines
 19378 | Orc:2    | Noticed Maurice
 19382 | Orc:2    | Killed Maurice
 19554 | Orc:2    | Noticed Josephine
 19561 | Orc:2    | Killed Josephine
 19594 | Orc:2    | Found a staircase to the Elven Halls.
 19745 | Orc:2    | Found Hafyubeq's Magic Scroll Boutique.
 19748 | Orc:2    | Found Etuocaet's General Store.
 19904 | Orc:2    | Gained mutation: Your body sometimes deteriorates upon
                  | taking damage. [a neqoxec]
 19912 | Orc:2    | Reached XP level 15. HP: 78/117 MP: 8/25
 19914 | Orc:2    | Reached skill level 10 in Armour
 19986 | Orc:2    | Reached skill level 10 in Staves
 20366 | Orc:2    | HP: 4/122 [infernal demonspawn (3)]
 20476 | Orc:2    | Found Ucyc Zan's Antique Weapon Emporium.
 20476 | Orc:2    | Found Oczurph's Jewellery Shoppe.
 20477 | Orc:2    | Found a one-way gate leading to the halls of Pandemonium.
 20481 | Orc:2    | Bought the ring of the Real Monster {rPois Int+6} for 1115
                  | gold pieces
 20642 | Orc:2    | Bought a scroll of magic mapping for 49 gold pieces
 20642 | Orc:2    | Bought a scroll of teleportation for 42 gold pieces
 20642 | Orc:2    | Bought a scroll of teleportation for 42 gold pieces
 20644 | Orc:2    | Bought a scroll of blinking for 90 gold pieces
 20644 | Orc:2    | Bought a scroll of blinking for 90 gold pieces
 20644 | Orc:2    | Bought a scroll of summoning for 114 gold pieces
 21035 | Lair:5   | Found a runed translucent door.
 21035 | Lair:5   | Noticed Kuris's ghost (journeyman DsCK)
 22343 | Lair:5   | Killed Kuris's ghost
 22376 | Lair:6   | Entered Level 6 of the Lair of Beasts
 22398 | Lair:6   | Reached XP level 16. HP: 123/129 MP: 26/26
 22594 | Lair:6   | Found the ring of the Tortoise {AC+8}
 22840 | Lair:6   | Reached skill level 1 in Invocations
 22922 | Lair:6   | Found a large runed translucent door.
 22922 | Lair:6   | Found a large runed translucent door.
 23968 | D:12     | Found Rezodd's Magic Scroll Boutique.
 23976 | D:12     | Bought a scroll of acquirement for 884 gold pieces
 23976 | D:12     | Acquired the ring of the Hare {EV+8}
 23977 | D:12     | Found the ring of the Hare {EV+8}
 24009 | D:12     | Reached skill level 5 in Invocations
 24392 | D:13     | Found a gate leading to a gauntlet.
 24409 | Gauntlet | Entered a Gauntlet
 24409 | Gauntlet | Found a transporter.
 24420 | Gauntlet | Found a transporter.
 24432 | Gauntlet | Found a runed translucent gate.
 24434 | Gauntlet | Found a transporter.
 24435 | Gauntlet | Found a runed translucent gate.
 24436 | Gauntlet | Found a runed translucent gate.
 24438 | Gauntlet | Found a transporter.
 24450 | Gauntlet | Found a transporter.
 24468 | Gauntlet | Found a transporter.
 24481 | Gauntlet | Found a transporter.
 24505 | Gauntlet | Found a transporter.
 24513 | Gauntlet | Found a transporter.
 24535 | Gauntlet | Found a transporter.
 24536 | Gauntlet | Found a transporter.
 24540 | Gauntlet | Found a transporter.
 24610 | Gauntlet | Gained mutation: You occasionally shout uncontrollably at
                  | your foes. [a neqoxec]
 24649 | Gauntlet | Identified the +0 pair of gloves of Benevolence {Rampage
                  | Str-5 Int+4 Dex+2}
 24818 | Gauntlet | Identified the +7 falchion of Supply {drain, Drain +Blink
                  | rC+++ Str+4}
 24867 | D:13     | Found a gate to the Vaults.
 24940 | D:13     | Paralysed by an ogre mage for 2 turns
 24943 | D:13     | Reached XP level 17. HP: 131/135 MP: 18/29
 25060 | D:13     | Noticed Azrael
 25090 | D:13     | Killed Azrael
 25645 | D:14     | Noticed Agnes
 26095 | D:14     | Found the +4 Cigotuvi's embrace {rMiasma Drain rN+}
 26174 | D:14     | Killed Agnes
 26340 | D:14     | Noticed Nessos
 26344 | D:14     | Noticed Nessos
 26344 | D:14     | Nessos changed into Nessos the wolf spider
 26354 | D:14     | Killed Nessos the wolf spider
 26427 | D:14     | Reached skill level 10 in Spellcasting
 26677 | D:15     | Entered Level 15 of the Dungeon
 26811 | D:15     | Noticed Louise
 26820 | D:15     | Killed Louise
 26899 | D:15     | Noticed Rupert
 26912 | D:15     | Killed Rupert
 26946 | D:15     | Found a hide-covered altar of Uskayaw.
 27186 | D:15     | Paralysed by a great orb of eyes for 4 turns
 27260 | D:15     | Found a staircase to the Depths.
 27616 | Elf:1    | Entered Level 1 of the Elven Halls
 27668 | Elf:1    | Found Mamat's Book Emporium.
 27668 | Elf:1    | Found Vurchetu's Jewellery Shop.
 27669 | Elf:1    | Found Tuyheypa's Book Emporium.
 27753 | Elf:1    | Reached XP level 18. HP: 144/144 MP: 32/32
 27915 | Elf:1    | Reached skill level 1 in Earth Magic
 27928 | Elf:1    | Reached skill level 6 in Conjurations
 28309 | Elf:1    | Reached skill level 7 in Conjurations
 28367 | Elf:1    | You fall into a shaft and drop 1 floor!
 28448 | Elf:2    | Found a runed translucent gate.
 28448 | Elf:2    | Found a runed translucent gate.
 28448 | Elf:2    | Found a runed translucent gate.
 28467 | Elf:2    | Reached skill level 5 in Earth Magic
 28580 | Elf:1    | Reached skill level 8 in Conjurations
 28643 | Elf:1    | Bought a book of Iron for 576 gold pieces
 28650 | Elf:1    | Learned a level 6 spell: Iron Shot
 28655 | Elf:1    | Learned a level 4 spell: Animate Armour
 28677 | Elf:1    | Found a gateway to a bazaar.
 28820 | Elf:1    | Found a runed translucent door.
 28823 | Elf:1    | Noticed Vel Kiut's ghost (journeyman TeFE)
 29219 | Elf:1    | Killed Vel Kiut's ghost
 29227 | Elf:1    | Identified the +1 ring mail "Oxaw" {rElec rC+ Will+ Slay-5}
 29228 | Elf:1    | Identified the +0 pair of gloves "Yboim" {*Slow Str+7
                  | Int+4}
 29338 | Elf:2    | HP: 4/144 [deep elf zephyrmancer/bolt of lightning (28)]
 29341 | Elf:1    | Reached skill level 9 in Conjurations
 29401 | Elf:2    | Acquired the +9 lajatang of Qoysk {vorpal, rF+}
 29438 | Elf:2    | Paralysed by an air elemental for 1 turns
 29562 | Elf:2    | Paralysed by an air elemental for 1 turns
 29946 | Elf:2    | Reached XP level 19. HP: 50/148 MP: 20/33
 30085 | Elf:2    | Cast into level 2 of the Abyss (+3 halberd of distortion)
 30085 | Abyss:2  | Found a corrupted altar of Lugonu.
 30152 | Abyss:2  | Found a corrupted altar of Lugonu.
 30217 | Abyss:2  | Reached skill level 10 in Conjurations
 30583 | Abyss:2  | Found a corrupted altar of Lugonu.
 30775 | Elf:2    | Escaped the Abyss
 31012 | Elf:3    | Entered Level 3 of the Elven Halls
 31168 | Elf:3    | Reached skill level 11 in Conjurations
 31306 | Elf:3    | Found an ancient bone altar of Kikubaaqudgha.
 31543 | Elf:3    | Cast into level 2 of the Abyss (a deep elf demonologist)
 31663 | Abyss:2  | Found a snail-covered altar of Cheibriados.
 31698 | Abyss:2  | Reached skill level 10 in Earth Magic
 31766 | Abyss:2  | Found a corrupted altar of Lugonu.
 31838 | Abyss:2  | Found a corrupted altar of Lugonu.
 31862 | Abyss:2  | Noticed a bone dragon
 31889 | Abyss:2  | Killed a bone dragon
 32017 | Abyss:2  | Found a broken altar of Ashenzari.
 32322 | Abyss:2  | Reached skill level 12 in Conjurations
 32420 | Abyss:2  | Gained mutation: You have sharp fingernails. [a neqoxec]
 32679 | Abyss:2  | Paralysed by accursed screaming for 1 turns
 32682 | Abyss:2  | Paralysed by accursed screaming for 1 turns
 32815 | Abyss:2  | Noticed a lich
 32840 | Abyss:2  | Killed a lich
 32841 | Abyss:2  | Reached XP level 20. HP: 157/157 MP: 12/34
 32852 | Abyss:2  | Noticed a Hell Sentinel
 32856 | Abyss:2  | Killed a Hell Sentinel
 33168 | Elf:3    | Escaped the Abyss
 33171 | Elf:3    | Noticed a Brimstone Fiend
 33180 | Elf:3    | Reached skill level 13 in Conjurations
 33260 | Elf:3    | Identified the +0 kite shield "Coepeit" {rC+ Will- Dex+3
                  | SInv}
 33260 | Elf:3    | Identified the ring of the Solstice {rElec rPois rN++ Str+6
                  | Int-3}
 33481 | Elf:3    | Identified the ring of Anaxom Basol {rF+++ rC+ Str+4 Dex-2
                  | Stlth-}
 33489 | Elf:3    | Cast into level 2 of the Abyss (a deep elf demonologist)
 33690 | Abyss:2  | Noticed a bone dragon
 33711 | Abyss:2  | Killed a bone dragon
 33802 | Elf:3    | Escaped the Abyss
 33831 | Elf:3    | Identified the ring "Zingoj" {Drain +Blink rN+ Str+4 Dex+4}
 33870 | Elf:3    | Identified the +6 whip "Nynyedd" {vorpal, Stlth+}
 33870 | Elf:3    | Identified the +3 robe of Paranoia {Will- Str-4 Dex+6
                  | Stlth+}
 33893 | Elf:3    | Identified the +7 flail of Reason {vorpal, rF+ rCorr Str+4}
 34037 | Elf:3    | Found the +27 Lear's hauberk
 34049 | Elf:3    | Identified the +5 broad axe "Xeweyn" {flame, rElec rCorr
                  | Dex-3 SInv}
 34154 | Elf:3    | Identified the +1 ring mail of Dyspraxia {Harm rElec
                  | Regen+}
 34174 | Elf:3    | Got the Catalogue of the Traveller
 34202 | Elf:3    | Identified the +0 mace of Ograsos {elec, +Rage rC- Str+5}
 34583 | Snake:1  | Entered Level 1 of the Snake Pit
 34619 | Snake:1  | Reached skill level 14 in Conjurations
 35070 | Snake:1  | Learned a level 7 spell: Orb of Destruction
 35116 | Snake:1  | Reached XP level 21. HP: 137/163 MP: 23/35
 36055 | Snake:2  | Reached skill level 15 in Conjurations
 37412 | Snake:3  | Noticed Aizul
 37418 | Snake:3  | Killed Aizul
 37505 | Snake:3  | Found a runed translucent gate.
 37505 | Snake:3  | Found a runed translucent gate.
 37506 | Snake:3  | Found a runed translucent gate.
 37510 | Snake:3  | Noticed 12572944's ghost (adept MiFi)
 38459 | Snake:3  | Reached skill level 15 in Earth Magic
 38546 | Snake:4  | Entered Level 4 of the Snake Pit
 38846 | Snake:4  | Reached skill level 16 in Conjurations
 38883 | Snake:4  | Reached XP level 22. HP: 138/170 MP: 10/36
 39007 | Snake:4  | Found Hupy's Book Shoppe.
 39231 | Snake:4  | Found Faps's Assorted Antiques.
 39386 | Snake:4  | Noticed Vashnia
 39393 | Snake:4  | Killed Vashnia
 39408 | Snake:4  | Got a serpentine rune of Zot
 39570 | Snake:4  | Found Woawkoc's Antique Armour Emporium.
 39572 | Snake:4  | Found Nivvir's Weapon Shoppe.
 40380 | Swamp:1  | Entered Level 1 of the Swamp
 41870 | Swamp:3  | Reached skill level 17 in Conjurations
 42200 | Swamp:3  | Noticed Roxanne
 42220 | Swamp:3  | Killed Roxanne
 42787 | Swamp:4  | Entered Level 4 of the Swamp
 43796 | Swamp:4  | Reached skill level 15 in Fighting
 43796 | Swamp:4  | Reached XP level 23. HP: 161/181 MP: 7/37
 43992 | Swamp:4  | Found a basalt altar of Yredelemnul.
 44106 | Swamp:4  | Found a blossoming altar of Fedhas.
 44117 | Swamp:4  | Paralysed by a hornet for 3 turns
 44412 | Swamp:4  | Got a decaying rune of Zot
 45019 | Bazaar   | Entered a bazaar
 45019 | Bazaar   | Found Cuetzueq's Antique Weapon Emporium.
 45027 | Bazaar   | Found Zugudgh's Armour Boutique.
 45044 | Bazaar   | Found Eqehiros's Weapon Emporium.
 45079 | Bazaar   | Found Orucsio's Magic Scroll Emporium.
 45087 | Bazaar   | Bought a scroll of enchant weapon for 67 gold pieces
 45087 | Bazaar   | Bought a scroll of enchant weapon for 67 gold pieces
 45087 | Bazaar   | Bought a scroll of blinking for 67 gold pieces
 45087 | Bazaar   | Bought a scroll of teleportation for 27 gold pieces
 45499 | Snake:4  | Bought a book of Annihilations for 800 gold pieces
 45506 | Snake:4  | Learned a level 6 spell: Conjure Ball Lightning
 45777 | Vaults:1 | Entered Level 1 of the Vaults
 45830 | Vaults:1 | Reached skill level 18 in Conjurations
 46182 | Vaults:1 | Reached skill level 5 in Air Magic
 46634 | Vaults:1 | Found Afaizabu's Armour Boutique.
 47887 | Vaults:2 | Found a staircase to the Crypt.
 47887 | Vaults:2 | Found an ancient bone altar of Kikubaaqudgha.
 47887 | Vaults:2 | Found a basalt altar of Yredelemnul.
 47941 | Vaults:2 | Reached skill level 19 in Conjurations
 48430 | Vaults:2 | Reached XP level 24. HP: 189/189 MP: 20/37
 48612 | Vaults:2 | Found Teirabuxyom's Assorted Antiques.
 48621 | Vaults:2 | Bought a potion of resistance for 260 gold pieces
 48621 | Vaults:2 | Bought a scroll of teleportation for 78 gold pieces
 49001 | Vaults:3 | Cast into level 2 of the Abyss (a wizard)
 49042 | Abyss:2  | Reached skill level 10 in Air Magic
 49175 | Vaults:3 | Escaped the Abyss
 49804 | Vaults:3 | Identified the +0 robe "Xotujiud" {Rampage rPois}
 50415 | Vaults:3 | Found Leschelek's Antique Armour Shop.
 51315 | Vaults:4 | Reached XP level 25. HP: 120/195 MP: 12/37
 51323 | Vaults:4 | HP: 8/195 [yaktaur captain (9)]
 51655 | Vaults:4 | Reached skill level 15 in Air Magic
 52247 | Vaults:4 | Found a radiant altar of Vehumet.
 52249 | Vaults:4 | Found the +2 robe of Vines {NoPotionHeal Regen+++}
 52303 | Vaults:4 | Identified the +2 robe of Boaluw {Will+ Dex+3 Slay+3}
 52979 | Depths:1 | Entered Level 1 of the Depths
 53020 | Depths:1 | Found a flickering gateway to a bazaar.
 53026 | Bazaar   | Entered a bazaar
 53026 | Bazaar   | Found Ybonn's Assorted Antiques.
 53026 | Bazaar   | Found Oraif's Assorted Antiques.
 53026 | Bazaar   | Found Tabboxus's Weapon Shop.
 53026 | Bazaar   | Found Baum's Distillery.
 53026 | Bazaar   | Found Dicwoty's Armour Boutique.
 53026 | Bazaar   | Found Ommikk's Magic Scroll Boutique.
 53047 | Bazaar   | Bought a potion of experience for 550 gold pieces
 53047 | Bazaar   | Reached XP level 26. HP: 202/202 MP: 37/37
 53058 | Bazaar   | Bought a scroll of teleportation for 57 gold pieces
 53058 | Bazaar   | Bought a scroll of teleportation for 57 gold pieces
 53058 | Bazaar   | Bought a scroll of enchant weapon for 142 gold pieces
 53058 | Bazaar   | Bought a scroll of blinking for 142 gold pieces
 53062 | Bazaar   | Bought a scroll of blinking for 120 gold pieces
 53342 | Depths:1 | Found a gateway to Hell.
 53606 | Depths:1 | Found a portal to a secret trove of treasure.
 53660 | Depths:1 | Found Cyde's Elemental Accessories.
 53677 | Depths:1 | Found a bloodstained altar of Trog.
 55051 | Depths:2 | Found an iron altar of Okawaru.
 55303 | Depths:3 | Killed from afar by a frost giant

Illustrated notes

Levels and vault maps discovered:
D:1:      minmay_arrival_statue_studded, layout_loops_ring,
          shapermc_ecumenical_altar_notcrosses
D:2:      kennysheep_six_static_rooms, layout_rooms
D:3:      layout_basic
D:4:      minmay_chambers_of_twos, layout_loops_ring,
          hangedman_abyss_or_decor_passed, serial_bayou_pond_b, uniq_menkaure
D:5:      layout_loops_ring, mainiacjoe_overflow_brackets,
          minmay_misc_feat_diagonals
D:6:      layout_layer_cave, minmay_temple_entry_gardened_gates,
          enter_ossuary_2, portal_sewer_entry_d, kennysheep_generic_room_3
D:7:      layout_loops_corners, gammafunk_temple_overflow_elements,
          lemuel_round_altar
D:8:      layout_rooms, nicolae_kikubaaqudgha_miasma_corner,
          grunt_lair_entry_orc_guard_hut, nicolae_wand_duel
D:9:      layout_basic, mainiacjoe_overflow_catwalk_spiral,
          kennysheep_mini_moat, uniq_joseph
D:10:     layout_stronghold, minmay_stone_trees_medium, uniq_urug
D:11:     layout_cave_pools
D:12:     layout_irregular_city, hiddenorc2_lemuel, gammafunk_ghost_split,
          serial_shops, nicolae_shop_crystal
D:13:     layout_rooms, david_vaults_3, gauntlet_entry_generic, uniq_azrael
D:14:     layout_gridville, chequers_serial_rivers_small_b,
          hellmonk_guarded_unrand_cigotuvi, uniq_agnes, uniq_nessos
D:15:     gammafunk_enter_depths_forms, layout_basic, nicolae_uskayaw_en_pointe,
          uniq_rupert, uniq_louise
Temple:   eino_narrow_crystal_temple
Lair:1:   layout_roguey, gammafunk_ghost_split, minmay_lair_oklob_chamber
Lair:2:   layout_small_grid, gammafunk_ghost_cemetery, st_stairs_11,
          grunt_megastairs_4
Lair:3:   layout_cave_pods, minmay_swamp_entry_worms, serial_bayou_shore_b
Lair:4:   layout_roguey, minmay_snake_entry_guardpost_small,
          beast_lair_carwin_4, uniq_sonja
Lair:5:   beast_lair_carwin_large_4, layout_gridlike,
          minmay_slime_entry_oklob_open, ebering_ghost_inner_flame,
          chequers_serial_rivers_micro_b, minmay_shattered_shrine
Lair:6:   cheibrodos_lair_end_hotspot, layout_long_grid,
          nicolae_quartered_pool_little, lemuel_fruit_tree
Swamp:1:  layout_basic_swamp, hangedman_swamp_ruin_hall, swamp_pool1
Swamp:2:  layout_basic_swamp, serial_swamp_ruin, evilmike_swamp_ruin_house_4,
          evilmike_swamp_ruin_rubble_2, swamp_pool3
Swamp:3:  layout_basic_swamp, evilmike_swamp_ruin_house_1, uniq_roxanne
Swamp:4:  byrel_swamp_growth_death_and_undeath, layout_basic_swamp
Snake:1:  layout_misc_corridors, nicolae_snake_naga_rites
Snake:2:  layout_misc_corridors
Snake:3:  layout_misc_corridors, gammafunk_ghost_necromancy,
          nicolae_snake_single_loop, grunt_megastairs_3, uniq_aizul
Snake:4:  johnstein_snake_rune_scales, layout_onion, serial_shops, shop,
          minmay_shop_star, serial_bayou_shore_b
Orc:1:    layout_caves, enter_volcano_3, basic_altar
Orc:2:    pf_orc_diabolical, layout_diamond_mine, uniq_josephine, uniq_maurice
Elf:1:    layout_onion_city, serial_shops, bzr_entry_dummy,
          ebering_ghost_reflecting_pool, hangedman_elven_crosses_minicolossus,
          einodemon_crawler_minivault, minmay_shop_grove
Elf:2:    layout_loops_ring, drop_trap
Elf:3:    elf_hall, layout_rooms, basic_altar
Vaults:1: v_misc_24, nicolae_vaults_asterisk, nicolae_vaults_hallways_thing,
          st_squares, v_misc_13, nicolae_vaults_alarming, v_misc_11,
          layout_vaults_ring, serial_shops,
          nicolae_shop_competitors_out_of_business
Vaults:2: nicolae_vaults_angled_halls, hangedman_vaults_impose,
          vaults_mumra_minichess, nicolae_vaults_little_squares_5,
          v_alt_pattern_5, vaults_room_fancy_cross, hangedman_vaults_stagger,
          minmay_crypt_entry_necro_gods, nicolae_vaults_little_squares_1,
          layout_vaults_big_room, serial_shops, nicolae_lakefront_shop
Vaults:3: grunt_vaults_bifocal, nicolae_vaults_network_star,
          grunt_vaults_funnel, v_alt_pattern_2, v_misc_1, v_rooms_1, v_misc_33,
          ontoclasm_vaults_idyll, vaults_room_pools,
          nicolae_vaults_ring_of_whatevers, st_hourglassy,
          nicolae_vaults_little_squares_5, nicolae_vaults_rhombus_7,
          layout_vaults_maze_bifur, serial_shops, shop
Vaults:4: grunt_tower_of_power, nicolae_vaults_windows_and_doors_thing,
          v_misc_29, vaults_room_octagon, ontoclasm_vaults_ring_large,
          vaults_room_door_ring, nicolae_vaults_little_squares_4,
          ontoclasm_vaults_twist, dpeg_vaults_monster_box, v_misc_10,
          vaults_room_grid, ontoclasm_vaults_decontamination,
          layout_vaults_omnigrid
Depths:1: layout_cave_pools, serial_shops, bzr_entry_safe,
          chequers_serial_rivers_micro_d, hell_entry,
          nicolae_trove_entry_diagonal, nicolae_elemental_shop,
          chequers_serial_rivers_room_b, trog_three_pillars_becter,
          serial_bayou_shore_a
Depths:2: grunt_twist_and_shout, layout_long_grid, hellmouth_1,
          lemuel_doored_altar, serial_bayou_shore_b
Depths:3: thingy_vault, layout_basic, pf_coc_iceberg, grunt_decor_clamped,
          rand_demon_pan_entry_9, kennysheep_cross_bottleneck,
          infiniplex_staircase_pool_2

Skill      XL: |  1  2  3  4  5  6  7  8  9 10 11 12 13 14 15 16 17 18 19 20 21 22 23 24 25 26 |
---------------+-------------------------------------------------------------------------------+-----
Poison Magic   | 1 2 3 4 5 6 |  6.3
Spellcasting   | 1 2 3 4 5 6 7 8 10 12 | 12.6
Transmutations | 1 |  1.9
Fire Magic     | 2 3 5 |  5.3
Air Magic      | 1 3 8 14 16 17 | 17.1
Conjurations   | 3 4 5 9 12 14 16 17 19 | 19.1
Staves         | 2 4 8 9 13 14 | 14.0
Fighting       | 4 6 8 10 12 13 15 | 15.3
Dodging        | 4 5 8 11 13 14 | 14.0
Armour         | 3 6 9 10 11 | 11.2
Invocations    | 5 7 |  7.8
Earth Magic    | 8 11 13 15 | 15.4
Stealth        | |  2.0
Unarmed Combat | |  1.0
Evocations     | |  1.0

Action                   |  1- 3 |  4- 6 |  7- 9 | 10-12 | 13-15 | 16-18 | 19-21 | 22-24 | 25-27 || total
-------------------------+-------+-------+-------+-------+-------+-------+-------+-------+-------++-------
Melee: Dagger            |    38 |       |       |       |       |       |       |       |       ||    38
       Lajatang          |    55 |    58 |   151 |   291 |   525 |  1107 |   922 |   631 |   174 ||  3914
 Cast: Sting             |    20 |    56 |    78 |    61 |    31 |     4 |     3 |       |       ||   253
       Ignite Poison     |       |       |    42 |    65 |    76 |    29 |     4 |       |       ||   216
       Mephitic Cloud    |       |       |    27 |    61 |    28 |     5 |       |       |       ||   121
       Sticky Flame      |       |       |       |    29 |    37 |    22 |       |       |       ||    88
       Olgreb's Toxic Ra |       |       |       |       |    67 |    52 |     4 |       |       ||   123
       Iron Shot         |       |       |       |       |       |       |   218 |   302 |   109 ||   629
       Animate Armour    |       |       |       |       |       |       |    10 |     1 |       ||    11
       Orb of Destructio |       |       |       |       |       |       |    15 |    39 |       ||    54
       Conjure Ball Ligh |       |       |       |       |       |       |       |    53 |    13 ||    66
Invok: Slouch            |       |       |       |       |       |     8 |    20 |     4 |     2 ||    34
       Temporal Distorti |       |       |       |       |       |     2 |     2 |     3 |     1 ||     8
       Step From Time    |       |       |       |       |       |     1 |       |     1 |       ||     2
       Bend Time         |       |       |       |       |       |     1 |       |       |       ||     1
Evoke: Wand              |       |       |       |       |     3 |     4 |       |       |     1 ||     8
       Phantom mirror    |       |       |       |       |     1 |       |     1 |       |       ||     2
  Use: Potion            |     2 |       |       |     4 |     3 |     4 |     4 |     5 |     3 ||    25
       Scroll            |       |     6 |     7 |    11 |     6 |    16 |    10 |    11 |     6 ||    73
 Stab: Sleeping          |     1 |     3 |     2 |     1 |     1 |       |     1 |       |       ||     9
       Invisible         |     1 |       |       |     2 |       |       |       |       |       ||     3
       Distracted        |     1 |       |       |       |       |       |     2 |       |       ||     3
       Confused          |       |       |       |    11 |     3 |       |       |       |       ||    14
       Petrified         |       |       |       |       |       |    10 |       |       |       ||    10
       Petrifying        |       |       |       |       |       |     1 |       |       |       ||     1
Armor: Robe              |    21 |    13 |    59 |       |       |       |       |       |       ||    93
       Ring mail         |       |       |       |   108 |    76 |       |       |       |       ||   184
       Chain mail        |       |       |       |       |   153 |   552 |   280 |       |       ||   985
       Storm dragon scal |       |       |       |       |       |       |   151 |   466 |   104 ||   721
Dodge: Dodged            |    89 |    58 |   167 |   412 |   693 |  1062 |  1129 |  1105 |   187 ||  4902

Table legend: (Time is in decaauts)
 A = Elapsed time spent in this place.
 B = Non-inter-level travel time spent in this place.
 C = Inter-level travel time spent in this place.
 D = Time resting spent in this place.
 E = Time spent auto-exploring this place.
 F = Levels seen in this place.
 G = Mean time per level.
                   A        B        C        D        E       F      G
               +--------+--------+--------+--------+--------+-----+--------+
         Total |  80143 |  72289 |   7854 |   4036 |  54808 |  52 | 1541.2 |
       Dungeon |  22708 |  19876 |   2832 |   1712 |  14448 |  15 | 1513.9 |
        Temple |    266 |    247 |     19 |      0 |    191 |   1 |  266.0 |
          Lair |  12653 |  10754 |   1899 |    282 |   8887 |   6 | 2108.8 |
         Swamp |   6107 |   5783 |    324 |    306 |   4713 |   4 | 1526.8 |
     Snake Pit |   9042 |   8051 |    991 |    179 |   6677 |   4 | 2260.5 |
  Orcish Mines |   3379 |   2814 |    565 |    136 |   1869 |   2 | 1689.5 |
   Elven Halls |   6550 |   6054 |    496 |    377 |   4355 |   3 | 2183.3 |
        Vaults |  10504 |   9870 |    634 |    811 |   7666 |   4 | 2626.0 |
        Depths |   3339 |   3248 |     91 |     36 |   2687 |   3 | 1113.0 |
         Abyss |   3784 |   3784 |      0 |     96 |   2520 |   4 |  946.0 |
        Bazaar |    270 |    270 |      0 |      0 |    162 |   2 |  135.0 |
         Sewer |    349 |    349 |      0 |      0 |      0 |   1 |  349.0 |
       Ossuary |    228 |    228 |      0 |      0 |     95 |   1 |  228.0 |
       Volcano |    316 |    316 |      0 |      0 |    123 |   1 |  316.0 |
      Gauntlet |    639 |    639 |      0 |    100 |    411 |   1 |  639.0 |
               +--------+--------+--------+--------+--------+-----+--------+

Top non-repeatable levels by time:
 Abyss:2: 3784 daAuts
Vaults:4: 3106 daAuts
Vaults:2: 2933 daAuts
 Snake:4: 2800 daAuts
   Elf:1: 2705 daAuts
   Orc:2: 2298 daAuts
  Lair:3: 2297 daAuts
Vaults:3: 2252 daAuts
Vaults:1: 2212 daAuts
  Lair:1: 2210 daAuts
 Swamp:4: 2205 daAuts
  Lair:4: 2194 daAuts
 Snake:1: 2175 daAuts
  Lair:2: 2136 daAuts
 Snake:3: 2072 daAuts
